 Dungeon Crawl Stone Soup version 0.17-a0-2101-g0c122e7 (webtiles) character file.

7907 septik the Basher (level 11, -20/102 HPs)
             Began as a Minotaur Berserker on Oct 18, 2015.
             Was a High Priest of Trog.
             Demolished by a death yak simulacrum (33 damage)
             ... in an ice cave.
             The game lasted 00:31:06 (8401 turns).

septik the Basher (Minotaur Berserker)              Turns: 8401, Time: 00:31:06

Health: -20/102    AC: 13    Str: 26    XL:     11   Next: 2%
Magic:  10/10      EV:  7    Int:  4    God:    Trog [*****.]
Gold:   569        SH: 13    Dex:  9    Spells: 0 memorised, 10 levels left

rFire  . . .     SeeInvis .     J - +2 morningstar (venom)
rCold  . . .     Clarity  .     F - +2 chain mail {MR+}
rNeg   + . .     SustAt   .     I - +3 shield
rPois  .         Gourm    .     (helmet restricted)
rElec  .         Spirit   .     (no cloak)
rCorr  .         Warding  +     (no gloves)
rMut   .         Stasis   .     (no boots)
MR     +....                    n - amulet of warding
Stlth  ..........               (no ring)
                                (no ring)

@: somewhat resistant to hostile enchantments, extremely unstealthy
A: retaliatory headbutt, horns 2
a: Burn Spellbooks, Berserk, Trog's Hand, Brothers in Arms, Renounce Religion


You were in an ice cave.
You worshipped Trog.
Trog was extremely pleased with you.
You were hungry.

You visited 2 branches of the dungeon, and saw 9 of its levels.
You also visited: Sewer, Bailey and Ice Cave.

You collected 569 gold pieces.

Inventory:

Hand Weapons
 r - a +0 greatsling
 D - a +0 blowgun
 J - a +2 morningstar of venom (weapon)
 Q - a +0 short sword
 R - a +1 whip of venom
Missiles
 k - 150 stones (quivered)
 p - 13 tomahawks
 s - 12 sling bullets of frost
 G - 51 poisoned needles
Armour
 F - a +2 chain mail of magic resistance (worn)
 I - a +3 shield (worn)
Jewellery
 n - an amulet of warding (around neck)
 P - an uncursed ring of flight {unknown}
Wands
 u - a wand of cold (5)
 y - a wand of random effects (48)
 N - a wand of polymorph (13)
Scrolls
 a - 5 scrolls of teleportation
 h - 5 scrolls of remove curse
 o - 5 scrolls of enchant weapon
 w - 3 scrolls of enchant armour
 B - 5 scrolls of identify
 K - 2 scrolls of vulnerability
 L - a scroll of fear
Potions
 b - 2 potions of haste
 d - 4 potions of curing
 e - 2 potions of flight {unknown}
 i - 7 potions of heal wounds
 j - a potion of poison {unknown}
 m - 2 potions of might {unknown}
 t - 2 potions of ambrosia {unknown}
 v - 2 potions of lignification
 z - a potion of brilliance {unknown}
 A - a potion of resistance {unknown}
 C - a potion of magic
 E - a potion of agility
 H - a potion of beneficial mutation
Comestibles
 c - 4 bread rations
 f - 4 fruits
 g - a royal jelly
 l - 13 slices of pizza
 q - 2 meat rations
 x - 18 chunks of flesh
 S - a beef jerky


   Skills:
 * Level 11.5 Fighting
 - Level 13.0 Maces & Flails
 + Level 10.5 Armour
 - Level 2.2 Dodging
 + Level 4.2 Shields


You had 10 spell levels left.
You didn't know any spells.

Dungeon Overview and Level Annotations

Branches:
Dungeon (8/15)             Temple (0/1) D:6            Lair (1/8) D:8

Altars:
Dithmenos
Elyvilon
Gozag
Nemelex Xobeh
Okawaru
Qazlal
Ru
The Shining One

Shops:
D:5 %


Innate Abilities, Weirdness & Mutations

You reflexively headbutt those who attack you in melee.
You have a pair of horns on your head.


Message History

You puncture the wolf simulacrum!
The wolf simulacrum vapourises!
Really walk into that cloud of freezing vapour?
Okay, then.
You bludgeon the elephant simulacrum!!
You headbutt the elephant simulacrum, but do no damage.
The elephant simulacrum barely misses you.
You furiously retaliate!
You headbutt the elephant simulacrum.
The elephant simulacrum vapourises!
You thump the alligator simulacrum!
The alligator simulacrum barely misses you.
You block the alligator simulacrum's attack.
You impale the alligator simulacrum!!
The alligator simulacrum vapourises!
The death yak simulacrum gores you! The death yak simulacrum freezes you!!!
* * * LOW HITPOINT WARNING * * *
You impale the death yak simulacrum!! The death yak simulacrum gores you!
* * * LOW HITPOINT WARNING * * *
The death yak simulacrum freezes you!!
You die...

#### ##..##
##....###
#.......##..
#.∩.@§......
#....Z.....#
##....##..##
##..## ##
####


You could see a death yak simulacrum.

Vanquished Creatures
  A deep elf knight (Bailey)
  2 deep elf priests (Bailey)
  4 blink frogs (Lair:1)
  4 deep elf magi (Bailey)
  4 yaks (Lair:1)
  3 deep elf fighters (Bailey)
  A wyvern (D:8)
  A human (D:8)
  Edmund (D:5)
  A water moccasin (Lair:1)
  2 orc warriors
  4 ice beasts (Lair:1)
  An alligator simulacrum (IceCv)
  A phantom (D:4)
  6 centaurs
  4 ogres
  2 crocodiles (Lair:1)
  6 big kobolds
  A giant frog (D:8)
  A gnoll sergeant (D:6)
  3 scorpions
  6 killer bees (D:8)
  4 wights (D:6)
  An elephant simulacrum (IceCv)
  A crimson imp (D:5)
  An orc priest (D:3)
  4 orc wizards
  2 giant frog zombies
  A hound (D:7)
  A quasit (D:8)
  2 jellies
  A giant frog skeleton (D:8)
  2 iguanas
  8 worker ants
  A wolf simulacrum (IceCv)
  8 adders
  8 gnolls
  2 river rats (D:4)
  A shadow imp (D:5)
  2 oozes
  An adder skeleton (D:5)
  2 worms
  36 orcs
  8 ball pythons
  4 giant cockroaches
  7 goblins
  7 hobgoblins
  16 jackals
  4 quokkas
  A bat (D:1)
  4 giant geckos
  A giant gecko skeleton (D:4)
  6 giant newts
  17 kobolds
  A quokka skeleton (D:4)
  10 rats
  A plant (Sewer)
235 creatures vanquished.

Vanquished Creatures (collateral kills)
  4 ice beasts (Lair:1)
4 creatures vanquished.

Vanquished Creatures (others)
  A plant (D:8)
1 creature vanquished.

Grand Total: 240 creatures vanquished

Notes
Turn   | Place    | Note
--------------------------------------------------------------
     0 | D:1      | septik the Minotaur Berserker began the quest for the Orb.
     0 | D:1      | Reached XP level 1. HP: 19/19 MP: 0/0
   370 | D:1      | Reached XP level 2. HP: 17/27 MP: 1/1
   532 | D:1      | Reached skill level 4 in Fighting
  1106 | D:2      | Reached ** piety under Trog
  1164 | D:2      | Reached XP level 3. HP: 30/33 MP: 2/2
  2067 | D:3      | Reached XP level 4. HP: 36/40 MP: 3/3
  2137 | D:3      | Reached skill level 5 in Maces & Flails
  2430 | D:3      | Reached *** piety under Trog
  2750 | D:4      | Reached XP level 5. HP: 47/47 MP: 4/4
  2815 | D:4      | Found a glowing drain.
  2836 | Sewer    | Entered a sewer
  3113 | Sewer    | Reached skill level 5 in Fighting
  3113 | Sewer    | Reached skill level 6 in Maces & Flails
  3549 | D:4      | Noticed a phantom
  3566 | D:4      | Killed a phantom
  3566 | D:4      | Reached XP level 6. HP: 56/56 MP: 5/5
  3632 | D:4      | Reached **** piety under Trog
  3678 | D:4      | Found a stormy altar of Qazlal.
  3830 | D:4      | Noticed a centaur
  3836 | D:4      | Killed a centaur
  3836 | D:4      | Reached skill level 7 in Maces & Flails
  3836 | D:4      | Reached skill level 5 in Armour
  3982 | D:4      | Noticed an ogre
  3987 | D:4      | Killed an ogre
  3987 | D:4      | Reached XP level 7. HP: 48/62 MP: 6/6
  4166 | D:5      | Entered Level 5 of the Dungeon
  4169 | D:5      | Noticed Edmund
  4176 | D:5      | Killed Edmund
  4329 | D:5      | Found a sparkling altar of Nemelex Xobeh.
  4330 | D:5      | Found a stormy altar of Qazlal.
  4409 | D:5      | Found Tudipeem's Food Shop.
  4525 | D:5      | Reached skill level 8 in Maces & Flails
  4717 | D:5      | Found a glowing golden altar of the Shining One.
  4784 | D:6      | Found a staircase to the Ecumenical Temple.
  4867 | D:6      | Found a sacrificial altar of Ru.
  4868 | D:6      | Found a white marble altar of Elyvilon.
  4918 | D:6      | Reached XP level 8. HP: 56/71 MP: 7/7
  4975 | D:6      | Found a sparkling altar of Nemelex Xobeh.
  5093 | D:6      | Reached skill level 9 in Maces & Flails
  5362 | D:6      | Reached skill level 10 in Maces & Flails
  5548 | D:6      | Found a shadowy altar of Dithmenos.
  5826 | D:7      | Found a flagged portal.
  5834 | D:7      | Reached XP level 9. HP: 81/81 MP: 8/8
  5864 | Bailey   | Entered a bailey
  5893 | Bailey   | Reached skill level 11 in Maces & Flails
  5895 | Bailey   | Reached ***** piety under Trog
  6203 | Bailey   | Noticed a deep elf knight
  6215 | Bailey   | Killed a deep elf knight
  6215 | Bailey   | Reached skill level 12 in Maces & Flails
  6275 | Bailey   | Reached XP level 10. HP: 68/91 MP: 9/9
  7316 | D:8      | Found an iron altar of Okawaru.
  7540 | D:8      | Found an opulent altar of Gozag.
  7613 | D:8      | Reached skill level 13 in Maces & Flails
  7783 | D:8      | Found a staircase to the Lair.
  7920 | D:8      | Reached skill level 10 in Fighting
  7988 | D:8      | Reached skill level 1 in Shields
  8061 | Lair:1   | Entered Level 1 of the Lair of Beasts
  8194 | Lair:1   | Reached skill level 10 in Armour
  8326 | Lair:1   | Found a frozen archway.
  8346 | Lair:1   | Reached XP level 11. HP: 60/102 MP: 10/10
  8392 | IceCv    | Entered an ice cave
  8401 | IceCv    | Demolished by a death yak simulacrum

Vault maps used:
D:1:      ncdulo_watergridlock, minmay_misc_feat_chi
D:3:      lemuel_upstairs_altar, first_bread, kennysheep_small_spiral,
          st_stairs_5
D:4:      lemuel_round_altar, portal_sewer_entry_c
D:5:      kennysheep_mini_moat, old_standard_altar, serial_shops,
          kennysheep_little_box, grunt_qazlal_sundering, uniq_edmund
D:6:      gammafunk_temple_overflow_statue,
          nicolae_dithmenos_through_a_glass_darkly, minmay_temple_entry_glass,
          nemelex_spade_bored_becter
D:7:      enter_bailey_1
D:8:      nicolae_gozag_cash_rules_everything_around_me, david_lair_shrubbed,
          special_room, grunt_pizzeria, corner_web_ring, okawaru_trees_2
Lair:1:   minmay_lair_venomous_thicket, portal_ice_cave_entry_ice_beasts,
          lemuel_fruit_fields
Sewer:    sewer_co_scattered_pipes
Bailey:   bailey_polearm_3, bailey
IceCv:    ice_cave_small_necro

Action                   |  1- 3 |  4- 6 |  7- 9 | 10-12 || total
-------------------------+-------+-------+-------+-------++-------
Melee: Whip              |    52 |       |       |     6 ||    58
       Mace              |     5 |       |       |       ||     5
       Morningstar       |    44 |   175 |   130 |   194 ||   543
       Dire flail        |       |       |    46 |       ||    46
 Fire: Blowgun           |       |       |       |     6 ||     6
       Greatsling        |       |       |       |     1 ||     1
Invok: Berserk           |       |       |     3 |     3 ||     6
       Burn Spellbooks   |       |       |       |     1 ||     1
       Brothers in Arms  |       |       |       |     1 ||     1
  Use: Scroll            |       |     8 |    13 |     3 ||    24
 Stab: Sleeping          |     1 |       |       |       ||     1
  Eat: Chunk             |     1 |     5 |    10 |    10 ||    26
       Bread ration      |     1 |       |       |       ||     1
